| TOP OF THE 1ST |
|
University of Maine Black Bears batting - Pitching for California State University at Fullerton Titans : RHP Henry Gallegos
|
|
Pitching: RHP Henry Gallegos
|
|
|
Batting: RHB Wang Huan
|
0-0: Ball 1-0: Swinging Strike 1-1: Ball 2-1: Fly out, F4 (Line Drive, 4M, EV 67.5 MPH)
|
|
Batting: LHB Carlos Rivera
|
0-0: Foul Ball, location: 2F 0-1: SINGLE (Groundball, 34D, EV 107.5 MPH)
|
|
Batting: RHB Rewa Havika
|
0-0: Swinging Strike 0-1: Ball Carlos Rivera is caught stealing 2nd base 2-4 1-1: Swinging Strike 1-2: Ball 2-2: Ball 3-2: Base on Balls
|
|
Batting: RHB Jay Mellon
|
0-0: Called Strike 0-1: Ball 1-1: Called Strike Rewa Havika is caught stealing 2nd base 2-4
|
| Top of the 1st over - 0 runs, 1 hit, 0 errors, 0 left on base; University of Maine 0 - California State University at Fullerton 0 |
| BOTTOM OF THE 1ST |
|
California State University at Fullerton Titans batting - Pitching for University of Maine Black Bears : RHP Noah Johnson
|
|
Pitching: RHP Noah Johnson
|
|
|
Batting: LHB Bill Helmer
|
0-0: Foul Ball, location: 2F 0-1: Fly out, F4 (Line Drive, 4, EV 69.4 MPH)
|
|
Batting: RHB Zach Warwick
|
0-0: Ball 1-0: Ball 2-0: Called Strike 2-1: Called Strike 2-2: Ball 3-2: Foul Ball, location: 2F 3-2: Strikes out swinging
|
|
Batting: RHB Simon Sultzbach
|
0-0: Ball 1-0: Ball 2-0: Foul Ball, location: 2F 2-1: Called Strike 2-2: Ground out 6-3 (Groundball, 6M, EV 97.5 MPH)
|
| Bottom of the 1st over - 0 runs, 0 hits, 0 errors, 0 left on base; University of Maine 0 - California State University at Fullerton 0 |
| TOP OF THE 2ND |
|
University of Maine Black Bears batting - Pitching for California State University at Fullerton Titans : RHP Henry Gallegos
|
|
Batting: RHB Jay Mellon
|
0-0: Called Strike 0-1: Foul Ball, location: 2F 0-2: Ball 1-2: Strikes out swinging
|
|
Batting: RHB Christopher Arnett
|
0-0: Foul Ball, location: 2F 0-1: Foul Ball, location: 2F 0-2: Foul Ball, location: 2F 0-2: Ball 1-2: Strikes out swinging
|
|
Batting: LHB Dave Aguilar
|
0-0: Called Strike 0-1: Foul Ball, location: 2F 0-2: Ball 1-2: Ball 2-2: Foul Ball, location: 2F 2-2: Ground out 6-3 (Groundball, 6, EV 83.1 MPH)
|
| Top of the 2nd over - 0 runs, 0 hits, 0 errors, 0 left on base; University of Maine 0 - California State University at Fullerton 0 |
| BOTTOM OF THE 2ND |
|
California State University at Fullerton Titans batting - Pitching for University of Maine Black Bears : RHP Noah Johnson
|
|
Batting: RHB Felipe Lara
|
0-0: Ball 1-0: Ball 2-0: Called Strike 2-1: Ball 3-1: Foul Ball, location: 2F 3-2: Foul Ball, location: 2F 3-2: Strikes out swinging
|
|
Batting: LHB Jim Snell
|
0-0: Ball 1-0: Swinging Strike 1-1: Foul Ball, location: 2F 1-2: Foul Ball, location: 2F 1-2: Strikes out swinging
|
|
Batting: LHB Mike Fernandez
|
0-0: SINGLE (Line Drive, 7S, EV 87.5 MPH)
|
|
Batting: RHB Angel Melendez
|
0-0: Ball 1-0: Called Strike 1-1: Ball 2-1: Called Strike 2-2: SINGLE (Line Drive, 34D, EV 108.1 MPH) Mike Fernandez to second
|
|
Batting: SHB Jonathan Jacob
|
0-0: Fly out, F8 (Flyball, 8RD, EV 89.4 MPH)
|
| Bottom of the 2nd over - 0 runs, 2 hits, 0 errors, 2 left on base; University of Maine 0 - California State University at Fullerton 0 |
| TOP OF THE 3RD |
|
University of Maine Black Bears batting - Pitching for California State University at Fullerton Titans : RHP Henry Gallegos
|
|
Batting: RHB Mark Cozens
|
0-0: Ball 1-0: Ball 2-0: Called Strike 2-1: Swinging Strike 2-2: Strikes out looking
|
|
Batting: RHB Carlos Viera
|
0-0: Ball 1-0: Called Strike 1-1: Fly out, F7 (Flyball, 7D, EV 100.0 MPH)
|
|
Batting: RHB Dave MacAulay
|
0-0: SINGLE (Groundball, 6, EV 97.5 MPH)
|
|
Batting: RHB Wang Huan
|
0-0: Ball Dave MacAulay steals 2nd base 1-0: Fly out, F7 (Flyball, 7LSF, EV 83.8 MPH)
|
| Top of the 3rd over - 0 runs, 1 hit, 0 errors, 1 left on base; University of Maine 0 - California State University at Fullerton 0 |
| BOTTOM OF THE 3RD |
|
California State University at Fullerton Titans batting - Pitching for University of Maine Black Bears : RHP Noah Johnson
|
|
Batting: SHB Jason Pugh
|
0-0: Called Strike 0-1: Ball 1-1: SINGLE (Groundball, 34D, EV 101.2 MPH) (infield hit)
|
|
Batting: LHB Bill Helmer
|
0-0: Called Strike 0-1: Ball 1-1: Ball 2-1: Foul Ball, location: 2F 2-2: Foul Ball, location: 2F 2-2: Strikes out swinging
|
|
Batting: RHB Zach Warwick
|
0-0: Swinging Strike 0-1: Ball 1-1: Ball 2-1: Bunt - Flyout to 2L! F2
|
|
Batting: RHB Simon Sultzbach
|
0-0: Foul Ball, location: 2F 0-1: Swinging Strike 0-2: Foul Ball, location: 2F 0-2: Foul Ball, location: 2F 0-2: Strikes out swinging
|
| Bottom of the 3rd over - 0 runs, 1 hit, 0 errors, 1 left on base; University of Maine 0 - California State University at Fullerton 0 |
| TOP OF THE 4TH |
|
University of Maine Black Bears batting - Pitching for California State University at Fullerton Titans : RHP Henry Gallegos
|
|
Batting: LHB Carlos Rivera
|
0-0: Ball 1-0: Swinging Strike 1-1: Foul Ball, location: 2F 1-2: Ball 2-2: Foul Ball, location: 2F 2-2: Foul Ball, location: 2F 2-2: Ball 3-2: Fly out, F9 (Flyball, 9D, EV 105.6 MPH)
|
|
Batting: RHB Rewa Havika
|
0-0: Ball 1-0: Ball 2-0: Foul Ball, location: 2F 2-1: Ball 3-1: Base on Balls
|
|
Batting: RHB Jay Mellon
|
0-0: Ball 1-0: Called Strike Rewa Havika steals 2nd base 1-1: Ball 2-1: Ball 3-1: Called Strike 3-2: Strikes out looking
|
|
Batting: RHB Christopher Arnett
|
0-0: Fly out, F8 (Flyball, 8LM, EV 97.5 MPH)
|
| Top of the 4th over - 0 runs, 0 hits, 0 errors, 1 left on base; University of Maine 0 - California State University at Fullerton 0 |
| BOTTOM OF THE 4TH |
|
California State University at Fullerton Titans batting - Pitching for University of Maine Black Bears : RHP Noah Johnson
|
|
Batting: RHB Felipe Lara
|
0-0: Ball 1-0: Called Strike 1-1: Ball 2-1: Ground out 6-3 (Groundball, 6, EV 92.5 MPH)
|
|
Batting: LHB Jim Snell
|
0-0: Foul Ball, location: 2F 0-1: Swinging Strike 0-2: Foul Ball, location: 2F 0-2: Strikes out swinging
|
|
Batting: LHB Mike Fernandez
|
0-0: Ball 1-0: Foul Ball, location: 2F 1-1: Ground out 3-1 (Groundball, 34, EV 98.8 MPH)
|
| Bottom of the 4th over - 0 runs, 0 hits, 0 errors, 0 left on base; University of Maine 0 - California State University at Fullerton 0 |
| TOP OF THE 5TH |
|
University of Maine Black Bears batting - Pitching for California State University at Fullerton Titans : RHP Henry Gallegos
|
|
Batting: LHB Dave Aguilar
|
0-0: Ball 1-0: Ball 2-0: Called Strike 2-1: Foul Ball, location: 2F 2-2: Ball 3-2: SINGLE (Groundball, 4MS, EV 90.0 MPH) (infield hit)
|
|
Batting: RHB Mark Cozens
|
0-0: Swinging Strike 0-1: Grounds into double play, 5-4-3 (Groundball, 56, EV 107.5 MPH)
|
|
Batting: RHB Carlos Viera
|
0-0: Ball 1-0: SINGLE (Line Drive, 78S, EV 102.5 MPH)
|
|
Batting: RHB Dave MacAulay
|
0-0: Ball Carlos Viera is caught stealing 2nd base 2-4
|
| Top of the 5th over - 0 runs, 2 hits, 0 errors, 0 left on base; University of Maine 0 - California State University at Fullerton 0 |
| BOTTOM OF THE 5TH |
|
California State University at Fullerton Titans batting - Pitching for University of Maine Black Bears : RHP Noah Johnson
|
|
Batting: RHB Angel Melendez
|
0-0: Ball 1-0: Fly out, F8 (Line Drive, 8RS, EV 90.0 MPH)
|
|
Batting: SHB Jonathan Jacob
|
0-0: Ball 1-0: Swinging Strike 1-1: Fly out, F7 (Flyball, 78M, EV 92.5 MPH)
|
|
Batting: SHB Jason Pugh
|
0-0: Ball 1-0: Ball 2-0: Called Strike 2-1: Ball 3-1: Swinging Strike 3-2: Strikes out swinging
|
| Bottom of the 5th over - 0 runs, 0 hits, 0 errors, 0 left on base; University of Maine 0 - California State University at Fullerton 0 |
| TOP OF THE 6TH |
|
University of Maine Black Bears batting - Pitching for California State University at Fullerton Titans : RHP Henry Gallegos
|
|
Batting: RHB Dave MacAulay
|
0-0: Ball 1-0: Fly out, F8 (Flyball, 89S, EV 95.6 MPH)
|
|
Batting: RHB Wang Huan
|
0-0: Fly out, F8 (Flyball, 8RD, EV 89.4 MPH)
|
|
Batting: LHB Carlos Rivera
|
0-0: Ball 1-0: Ball 2-0: Called Strike 2-1: Foul Ball, location: 2F 2-2: Ball 3-2: Base on Balls
|
|
Pitching: RHP Arturo Ruiz
|
|
|
Batting: RHB Rewa Havika
|
0-0: Ball 1-0: Fly out, F7 (Flyball, 7LM, EV 95.6 MPH)
|
| Top of the 6th over - 0 runs, 0 hits, 0 errors, 1 left on base; University of Maine 0 - California State University at Fullerton 0 |
| BOTTOM OF THE 6TH |
|
California State University at Fullerton Titans batting - Pitching for University of Maine Black Bears : RHP Noah Johnson
|
|
Batting: LHB Bill Helmer
|
0-0: Called Strike 0-1: Ball 1-1: Swinging Strike 1-2: Strikes out swinging
|
|
Pitching: RHP Jake Furlong
|
|
|
Batting: RHB Zach Warwick
|
0-0: Ball 1-0: Foul Ball, location: 2F 1-1: Ball 2-1: Fly out, F3 (Popup, 3SF, EV 71.9 MPH)
|
|
Batting: RHB Simon Sultzbach
|
0-0: Ball 1-0: Fly out, F8 (Flyball, 78S, EV 88.1 MPH)
|
| Bottom of the 6th over - 0 runs, 0 hits, 0 errors, 0 left on base; University of Maine 0 - California State University at Fullerton 0 |
| TOP OF THE 7TH |
|
University of Maine Black Bears batting - Pitching for California State University at Fullerton Titans : RHP Arturo Ruiz
|
|
Pinch Hitting: LHB John Knox
|
0-0: Foul Ball, location: 2F 0-1: Foul Ball, location: 2F 0-2: Ball 1-2: Strikes out swinging
|
|
Batting: RHB Christopher Arnett
|
0-0: Fly out, F9 (Flyball, 9S, EV 89.4 MPH)
|
|
Batting: LHB Dave Aguilar
|
0-0: Ball 1-0: Called Strike 1-1: Ball 2-1: Ball 3-1: Swinging Strike 3-2: Strikes out swinging
|
| Top of the 7th over - 0 runs, 0 hits, 0 errors, 0 left on base; University of Maine 0 - California State University at Fullerton 0 |
| BOTTOM OF THE 7TH |
|
California State University at Fullerton Titans batting - Pitching for University of Maine Black Bears : RHP Jake Furlong
|
|
Now in LF: Frank Gould
|
|
|
Batting: RHB Felipe Lara
|
0-0: Called Strike 0-1: Called Strike 0-2: Ball 1-2: Ground out 5-3 (Groundball, 5, EV 103.8 MPH)
|
|
Batting: LHB Jim Snell
|
0-0: Fly out, F7 (Flyball, 7D, EV 107.5 MPH)
|
|
Batting: LHB Mike Fernandez
|
0-0: Called Strike 0-1: Ball 1-1: SINGLE (Line Drive, 9LM, EV 85.0 MPH)
|
|
Batting: RHB Angel Melendez
|
0-0: Fly out, F9 (Flyball, 9D, EV 92.5 MPH)
|
| Bottom of the 7th over - 0 runs, 1 hit, 0 errors, 1 left on base; University of Maine 0 - California State University at Fullerton 0 |
| TOP OF THE 8TH |
|
University of Maine Black Bears batting - Pitching for California State University at Fullerton Titans : RHP Arturo Ruiz
|
|
Pinch Hitting: LHB John Bergeron
|
0-0: Foul Ball, location: 2F 0-1: Ball 1-1: Called Strike 1-2: Ball 2-2: Foul Ball, location: 2F 2-2: Foul Ball, location: 2F 2-2: Ball 3-2: DOUBLE (Line Drive, 78D, EV 110.6 MPH)
|
|
Pinch Hitting: LHB Ed Leighton
|
0-0: Hit by Pitch
|
|
Pinch Hitting: RHB Justin Degon
|
0-0: Bunt missed! 0-1: Ball 1-1: Sac Bunt to 25 - play at first, batter OUT! 5-4 John Bergeron to third Ed Leighton to second
|
|
Batting: RHB Wang Huan
|
0-0: Ball 1-0: Ground out 4-3 (Groundball, 4S, EV 71.2 MPH)
|
|
Pinch Hitting: RHB Bryan Douglas
|
0-0: Ball 1-0: Foul Ball, location: 2F 1-1: Ball Wild Pitch! John Bergeron scores Ed Leighton to third 2-1: Foul Ball, location: 2F 2-2: Ball 3-2: Ground out 1-3 (Groundball, 15S, EV 64.4 MPH)
|
| Top of the 8th over - 1 run, 1 hit, 0 errors, 1 left on base; University of Maine 1 - California State University at Fullerton 0 |
| BOTTOM OF THE 8TH |
|
California State University at Fullerton Titans batting - Pitching for University of Maine Black Bears : RHP Jake Furlong
|
|
Pitching: RHP Ben Kasim
|
|
|
Now at 1B: Mario Barajas
|
|
|
Now at 2B: Steve Thomas
|
|
|
Now at SS: Travis Whitby
|
|
|
Now in RF: Alex Vazquez
|
|
|
Pinch Hitting: RHB Justin Thomas
|
0-0: SINGLE (Flyball, 8RXD, EV 94.4 MPH)
|
|
Pinch Hitting: LHB John Blumberg
|
0-0: Fly out, F8 (Flyball, 8RD, EV 94.4 MPH)
|
|
Pinch Hitting: RHB Joe McKinzie
|
0-0: Called Strike 0-1: Ball 1-1: Ball 2-1: Foul Ball, location: 2F 2-2: Ball 3-2: Foul Ball, location: 2F 3-2: Fly out, F8 (Flyball, 8RS, EV 81.9 MPH)
|
|
Pinch Hitting: LHB B.J. Ferguson
|
0-0: Ball 1-0: Ball 2-0: Called Strike 2-1: Foul Ball, location: 2F 2-2: Foul Ball, location: 2F 2-2: Strikes out swinging
|
| Bottom of the 8th over - 0 runs, 1 hit, 0 errors, 1 left on base; University of Maine 1 - California State University at Fullerton 0 |
| TOP OF THE 9TH |
|
University of Maine Black Bears batting - Pitching for California State University at Fullerton Titans : RHP Arturo Ruiz
|
|
Now at C: Jim Cahan
|
|
|
Now at 1B: John Blumberg
|
|
|
Now in CF: Alex Freyre
|
|
|
Now in RF: Joe McKinzie
|
|
|
Batting: RHB Rewa Havika
|
0-0: Called Strike 0-1: Reached on error, E6 (Groundball, 6, EV 104.4 MPH)
|
|
Batting: RHB Frank Gould
|
0-0: Intentional Walk
|
|
Pinch Hitting: RHB Scott Snyder
|
0-0: Foul Ball, location: 2F 0-1: Ball 1-1: Fielders Choice at 2nd, 4-6 (Groundball, 4, EV 103.8 MPH) Rewa Havika to third
|
|
Batting: RHB Pita Arnurna
|
0-0: Called Strike 0-1: Ball Scott Snyder steals 2nd base 1-1: Fly out, F8 (Flyball, 8RXD, EV 73.8 MPH) Runner from 3rd tags up, SCORES, no throw by CF
|
|
Batting: LHB Steve Thomas
|
0-0: Ground out 4-3 (Groundball, 4M, EV 88.8 MPH)
|
| Top of the 9th over - 1 run, 0 hits, 1 error, 1 left on base; University of Maine 2 - California State University at Fullerton 0 |
| BOTTOM OF THE 9TH |
|
California State University at Fullerton Titans batting - Pitching for University of Maine Black Bears : RHP Ben Kasim
|
|
Pitching: RHP Daniel Graves
|
|
|
Now at C: Geoffrey Potter
|
|
|
Batting: LHB Steve Lane
|
0-0: Ball 1-0: Foul Ball, location: 2F 1-1: Called Strike 1-2: Ball 2-2: Ground out U3 (Groundball, 3L, EV 84.4 MPH)
|
|
Pinch Hitting: LHB Mike Lauritsen
|
0-0: Called Strike 0-1: Called Strike 0-2: Ball 1-2: Foul Ball, location: 2F 1-2: Ball 2-2: SOLO HOME RUN (Line Drive, 89XD, EV 102.5 MPH), Distance : 412 ft
|
|
Pinch Hitting: SHB John Loechel
|
0-0: Ground out U3 (Groundball, 3, EV 88.1 MPH)
|
|
Pinch Hitting: RHB Brian Stacey
|
0-0: Called Strike 0-1: Called Strike 0-2: Ball 1-2: Ball 2-2: Ground out 5-3 (Groundball, 5, EV 83.1 MPH)
|
| Bottom of the 9th over - 1 run, 1 hit, 0 errors, 0 left on base; University of Maine 2 - California State University at Fullerton 1 |
|